Map: Efeméride LE

Players

LowLinK - Winner!

  • Race: Protoss Protoss
  • League: Platinum
  • Spawn Location: 5:00

Cabutt

  • Race: Terran Terran
  • League: Diamond
  • Spawn Location: 11:00

VOD

Have the link to the VOD?

Description

Time

  • Played on: Feb. 14, 2020, 11:02 a.m.
  • Length: 9:17
Show
View Real Time Build Order
Export as new Build Order

LowLinK Protoss - Winner!

Build Orders:  

Get SALT Encoding   

  12  0:01  Probe  
  13  0:13  Probe  
  14  0:18  Pylon  
  14  0:25  Probe  
  15  0:36  Gateway  
  15  0:37  Probe (Chrono Boost)  
  16  0:44  Assimilator  
  16  0:48  Probe (Chrono Boost)  
  17  0:53  Assimilator  
  17  0:54  Probe  
  18  1:06  Probe  
  19  1:18  Probe, Pylon  
  20  1:24  Cybernetics Core  
  20  1:31  Probe  
  21  1:43  Probe  
  22  1:56  Probe  
  22  1:57  Pylon  
  22  2:01  Warp Gate  
  25  2:05  Sentry (Chrono Boost)  
  25  2:17  Probe  
  24  2:40  Stalker  
  25  3:08  Pylon  
  25  3:30  Probe  
  26  3:39  Gateway  
  26  3:41  Gateway  
  26  3:42  Probe  
  26  3:43  Gateway  
  26  3:45  Pylon  
  27  3:51  Stalker  
  29  4:25  Gateway  
  29  4:26  Gateway  
  29  4:28  Pylon  
  29  4:37  Stalker  
  31  4:38  Sentry  
  31  4:39  Zealot  
  35  4:46  Stalker  
  35  4:51  Pylon  
  37  4:56  Stalker  
  39  5:00  Stalker x2  
  39  5:02  Stalker  
  37  5:27  Stalker x4  
  41  5:34  Stalker  
  43  5:36  Sentry  
  41  5:54  Stalker x2  
  39  6:02  Stalker  
  38  6:20  Stalker x2  
  38  6:24  Sentry  
  28  6:40  Stalker x2  
  28  6:46  Stalker  
  30  6:53  Stalker  
  32  7:08  Sentry  
  32  7:09  Zealot  
  32  7:10  Zealot  
  38  7:24  Stalker  
  38  7:25  Zealot  
  32  7:53  Stalker x4  
  30  8:31  Stalker x4  
  34  8:57  Stalker x3  
Show
View Real Time Build Order
Export as new Build Order

Cabutt Terran 

Build Orders:  

Get SALT Encoding   

  12  0:02  SCV  
  14  0:14  SCV  
  14  0:17  Supply Depot  
  14  0:26  SCV  
  15  0:39  SCV  
  16  0:47  Barracks  
  16  0:52  SCV  
  16  0:54  Refinery  
  17  1:05  SCV  
  18  1:17  SCV  
  19  1:29  SCV  
  20  1:38  Reaper  
  20  1:39  Command Center  
  21  1:44  Orbital Command  
  21  2:01  Refinery  
  21  2:03  Supply Depot  
  21  2:18  SCV  
  22  2:26  Factory  
  22  2:29  Bunker  
  22  3:05  Supply Depot  
  22  3:06  Barracks Reactor  
  22  3:18  Widow Mine  
  24  3:22  Starport  
  24  3:25  Command Center  
  24  3:40  Orbital Command  
  24  3:43  Bunker  
  24  3:45  Widow Mine  
  26  3:49  SCV  
  27  3:57  Barracks  
  27  4:04  Marine x2  
  29  4:12  Widow Mine  
  31  4:17  SCV x2  
  31  4:23  Medivac  
  35  4:29  SCV  
  35  4:30  Supply Depot  
  36  4:36  SCV  
  36  4:37  Factory Tech Lab  
  37  4:41  Marine x2  
  37  4:44  Orbital Command  
  39  4:48  Marine  
  39  4:57  Siege Tank  
  42  5:00  Starport Tech Lab  
  42  5:03  Barracks  
  42  5:06  Engineering Bay  
  42  5:07  Marine  
  39  5:22  Marine x2  
  37  5:29  SCV x2  
  37  5:31  Banshee  
  42  5:36  Marine  
  36  6:00  Marine, Siege Tank  
  24  6:30  Orbital Command  
  18  6:43  Marine  
  19  6:59  Marine x2  
  21  7:18  Marine x2  
  21  7:19  Marine x2  
  25  7:36  Marine  
  26  7:38  Marine  
  19  7:57  Marine  
  19  7:58  Marine x3  
  16  8:00  SCV  
  16  8:09  SCV x2  
  16  8:12  SCV  
  18  8:15  Marine x2  
  20  8:21  SCV x2  
  20  8:24  SCV  
  20  8:33  SCV x2  
  22  8:36  SCV  
  23  8:45  SCV  
  23  8:46  SCV  
  23  8:48  SCV  
  15  8:57  Marine x3  
  15  8:58  SCV x2  
  15  9:00  SCV  
Tags
 
Add a new tag
Caveats
  • Supply blocks, unpowered buildings, or Contaminate may cause inaccurate times.
  • Supply counts are checked every 10 seconds.